 Dungeon Sprint DCSS version 0.21.1-1-g345015f (webtiles) character file.

4563 raistware the Ninja (level 10, 0/46 HPs)
             Began as a Spriggan Assassin on Apr 16, 2018.
             Was a Priest of Dithmenos.
             Succumbed to a redback's poison
             ... in the Dungeon (Sprint I: "Red Sonja").
             The game lasted 00:12:29 (1209 turns).

raistware the Ninja (Spriggan Assassin)             Turns: 1209, Time: 00:12:29

Health: 0/46       AC:  3    Str:  7    XL:     10   Next: 18%
Magic:  11/11      EV: 22    Int: 14    God:    Dithmenos [***...]
Gold:   357        SH:  0    Dex: 20    Spells: 9/9 levels left

rFire    . . .     SeeInvis +   b - +0 blowgun
rCold    . . .     Gourm    .   (shield restricted)
rNeg     . . .     Faith    .   c - +0 robe
rPois    .         Spirit   .   (helmet restricted)
rElec    .         Reflect  .   d - +0 cloak
rCorr    .         Harm     .   (gloves unavailable)
MR       +....     NoTele   +   (boots unavailable)
Stlth    ++++++++++             (no amulet)
HPRegen  0.15/turn              (no ring)
MPRegen  0.12/turn              (no ring)

@: lethally poisoned (0 -> -32), wreathed by umbra, very quick
A: very small, unfitting armour, see invisible, herbivore, speed 3, slow
metabolism 2
a: Shadow Step, Renounce Religion


You were in the Dungeon.
You worshipped Dithmenos.
Dithmenos was most pleased with you.
You were not hungry.

You visited 1 branch You collected 747 gold pieces.
You spent 390 gold pieces at shops.

Inventory:

Hand Weapons
 a - a +2 dagger
 b - a +0 blowgun (weapon)
 h - a +2 rapier of freezing
 p - a +5 rapier of speed
 q - a +0 dagger of distortion
Missiles
 e - 25 poisoned needles
 f - 8 curare-tipped needles (quivered)
Armour
 c - a +0 robe (worn)
 d - a +0 cloak (worn)
Scrolls
 m - a scroll of blinking
 n - a scroll of immolation
Potions
 k - 2 potions of magic
Comestibles
 g - a ration


   Skills:
 - Level 1.5 Fighting
 + Level 13.1 Short Blades
 - Level 2.0 Throwing
 + Level 6.3 Dodging
 O Level 27 Stealth


You had 9 spell levels left.
You didn't know any spells.

Dungeon Overview and Level Annotations

Branches:
Dungeon (1/1)

Altars:
Cheibriados
Dithmenos
Elyvilon
Fedhas
Gozag
Hepliaklqana
Kikubaaqudgha
Makhleb
Nemelex Xobeh
Okawaru
Qazlal
Ru
Sif Muna
Trog
Uskayaw
Vehumet
Wu Jian
Xom
Yredelemnul
Zin
The Shining One
Jiyva
Lugonu

Shops:
D ([[


Innate Abilities, Weirdness & Mutations

You are very small and have problems with some larger weapons.
You are too small for most types of armour.
You have supernaturally acute eyesight. (SInv)
You are a herbivore.
You cover ground extremely quickly.
You need consume almost no food.


Message History

Things that are here:
a shortbow; 20 arrows
* * * LOW HITPOINT WARNING * * *
You feel sick.
Firing (i - inventory. (,) - cycle):
f - 9 curare-tipped needles (quivered)
Press: ? - help, Shift-Dir - straight line, f/p - redback
Aim: a redback (heavily wounded, slow, poisoned, clinging, umbra)
You shoot a curare-tipped needle.
The curare-tipped needle hits the redback.
The redback looks as sick as possible!
The redback convulses.
The redback seems to be slow for longer.
The redback is severely wounded.
* * * LOW HITPOINT WARNING * * *
You feel very sick.
You kill the redback!
Dithmenos accepts your kill.
Your Short Blades skill increases to level 13!
Okay, then.
You eat one of the 2 rations.
That ration really hit the spot!
You die...

#######################
#.[+..#.)'..#__#..'ss)#
+..#..'..#..'^.+.s#...#
#####'#####'#__####).s's.#
####..#...#.####§§#####..+
#__####..##)#≈§§@§#§§# +##
#_____##'#_.'≈§§§.'..#
#_.∩...'..._#≈§§.)#..#
#_..__##_.#'##'#####'###
#_____###'#.#§..(###.'$#
#########.####§###.###$#
.......'...'.§...')∩##.#
++++####.).###########§#
.....# ##.## #.#


There were no monsters in sight!

Vanquished Creatures
  2 centaur warriors (D)
  Sonja (D)
  A deep troll (D)
  An oklob plant (D)
  A shining eye (D)
  2 kobold demonologists (D)
  A hornet (D)
  A redback (D)
  Sigmund (D)
  A yak (D)
  2 floating eyes (D)
  An ogre (D)
  A jelly (D)
  Ijyb (D)
17 creatures vanquished.

Vanquished Creatures (others)
  A gargoyle (D)
1 creature vanquished.

Grand Total: 18 creatures vanquished

Notes
Turn   | Place    | Note
-------+----------+-------------------------------------------
     0 | D        | raistware the Spriggan Assassin began the quest for the Orb.
     0 | D        | Reached XP level 1. HP: 10/10 MP: 2/2
     2 | D        | Noticed Ijyb
    14 | D        | Killed Ijyb
    14 | D        | Reached skill level 10 in Stealth
    14 | D        | Reached XP level 2. HP: 11/14 MP: 3/3
    74 | D        | Noticed an ogre
    82 | D        | Killed an ogre
    82 | D        | Reached skill level 5 in Short Blades
    82 | D        | Reached skill level 13 in Stealth
    82 | D        | Reached XP level 3. HP: 12/18 MP: 4/4
    82 | D        | Reached XP level 4. HP: 14/22 MP: 5/5
   239 | D        | Noticed Sigmund
   241 | D        | Killed Sigmund
   241 | D        | Reached skill level 16 in Stealth
   241 | D        | Reached XP level 5. HP: 25/25 MP: 6/6
   257 | D        | Found a deep blue altar of Sif Muna.
   258 | D        | Found an ornate altar of the Wu Jian Council.
   259 | D        | Found a radiant altar of Vehumet.
   263 | D        | Reached XP level 6. HP: 30/30 MP: 7/7
   265 | D        | Found Usmeh's Antique Armour Emporium.
   265 | D        | Found an ancient bone altar of Kikubaaqudgha.
   265 | D        | Found a hazy altar of Hepliaklqana.
   265 | D        | Found a stormy altar of Qazlal.
   265 | D        | Found a hide-covered altar of Uskayaw.
   265 | D        | Found a blossoming altar of Fedhas.
   265 | D        | Found a bloodstained altar of Trog.
   265 | D        | Found an iron altar of Okawaru.
   265 | D        | Found a basalt altar of Yredelemnul.
   265 | D        | Found a glowing golden altar of the Shining One.
   265 | D        | Found a snail-covered altar of Cheibriados.
   265 | D        | Found a sacrificial altar of Ru.
   265 | D        | Found a glowing silver altar of Zin.
   265 | D        | Found a shadowy altar of Dithmenos.
   265 | D        | Found a white marble altar of Elyvilon.
   265 | D        | Noticed a yak
   266 | D        | Found an opulent altar of Gozag.
   267 | D        | Killed a yak
   267 | D        | Reached skill level 18 in Stealth
   268 | D        | Found a sparkling altar of Nemelex Xobeh.
   274 | D        | Became a worshipper of Dithmenos the Shadowed
   316 | D        | Found a viscous altar of Jiyva.
   316 | D        | Found a corrupted altar of Lugonu.
   316 | D        | Noticed a slime creature
   317 | D        | Found a burning altar of Makhleb.
   317 | D        | Found a shimmering altar of Xom.
   617 | D        | Noticed a centaur warrior
   618 | D        | Noticed a centaur warrior
   620 | D        | Killed a centaur warrior
   620 | D        | Reached skill level 21 in Stealth
   620 | D        | Reached XP level 7. HP: 33/33 MP: 8/8
   620 | D        | Reached XP level 8. HP: 37/37 MP: 9/9
   621 | D        | Killed a centaur warrior
   621 | D        | Reached skill level 10 in Short Blades
   621 | D        | Reached skill level 23 in Stealth
   641 | D        | Noticed a deep troll
   643 | D        | Killed a deep troll
   643 | D        | Reached * piety under Dithmenos
   643 | D        | Reached skill level 24 in Stealth
   643 | D        | Reached XP level 9. HP: 41/41 MP: 10/10
   648 | D        | Found Joevvepy's Armour Emporium.
   662 | D        | Noticed Sonja
   665 | D        | Killed Sonja
   665 | D        | Reached skill level 26 in Stealth
   687 | D        | Found Nifamuqusy's Weapon Boutique.
   695 | D        | Bought a +5 rapier of speed for 390 gold pieces
   732 | D        | Noticed an oklob plant
   734 | D        | Killed an oklob plant
   734 | D        | Reached ** piety under Dithmenos
   840 | D        | Killed a gargoyle
  1102 | D        | Noticed a kobold demonologist
  1103 | D        | Noticed a kobold demonologist
  1105 | D        | Killed a kobold demonologist
  1105 | D        | Reached skill level 27 in Stealth
  1108 | D        | Killed a kobold demonologist
  1108 | D        | Reached skill level 5 in Dodging
  1108 | D        | Reached XP level 10. HP: 46/46 MP: 11/11
  1148 | D        | Noticed a shining eye
  1148 | D        | Noticed a shining eye
  1148 | D        | Noticed a shining eye
  1149 | D        | Noticed a shining eye
  1149 | D        | Noticed a shining eye
  1149 | D        | Noticed a shining eye
  1150 | D        | Reached *** piety under Dithmenos
  1168 | D        | Noticed a shining eye
  1168 | D        | Noticed a shining eye
  1169 | D        | Killed a shining eye
  1208 | D        | HP: 2/46 [poisoned by a redback]
  1209 | D        | Succumbed to a redback's poison

Skill      XL: |  1  2  3  4  5  6  7  8  9 10 |
---------------+-------------------------------+-----
Short Blades   | 3 5 6 9 10 11 13 | 13.1
Stealth        | 10 13 16 21 24 27 | 27.0
Dodging        | 2 5 6 |  6.3
Fighting       | |  1.5
Throwing       | |  2.0

Action                   |  1- 3 |  4- 6 |  7- 9 | 10-12 || total
-------------------------+-------+-------+-------+-------++-------
Melee: Dagger            |    19 |     5 |     3 |     1 ||    28
       Rapier            |       |       |    12 |     2 ||    14
 Fire: Blowgun           |       |       |       |     3 ||     3
  Use: Potion            |     1 |       |     4 |       ||     5
       Scroll            |       |       |       |     1 ||     1
 Stab: Sleeping          |     1 |     4 |     8 |     2 ||    15
  Eat: Ration            |       |       |       |     1 ||     1
Armor: Robe              |     1 |       |       |       ||     1
Dodge: Dodged            |     9 |     1 |     4 |       ||    14
